 Dungeon Crawl Stone Soup version 0.20.1-1-g8b1a95d (webtiles) character file.

121 Salad the Skirmisher (level 5, -1/59 HPs)
             Began as an Ogre Fighter on July 12, 2017.
             Slain by an orc warrior
             ... wielding a +4 scimitar of holy wrath
              (9 damage)
             ... on level 3 of the Dungeon.
             The game lasted 00:06:12 (3108 turns).

Salad the Skirmisher (Ogre Fighter)                 Turns: 3108, Time: 00:06:12

Health: -1/59      AC:  3    Str: 25    XL:     5   Next: 5%
Magic:  5/5        EV:  8    Int:  9    God:
Gold:   241        SH:  8    Dex:  9    Spells: 4/4 levels left

rFire    . . .     SeeInvis +   a - +0 trident
rCold    . . .     Gourm    .   c - +0 shield
rNeg     . . .     Faith    .   b - +0 robe
rPois    .         Spirit   .   (helmet restricted)
rElec    .         Reflect  .   (no cloak)
rCorr    .         Harm     .   (gloves unavailable)
MR       .....                  (boots unavailable)
Stlth    +.........             (no amulet)
Regen    0.2/turn               j - ring of see invisible
MPRegen  0.1/turn               (no ring)

@: mighty
A: unfitting armour, tough skin 1
a: no special abilities


You were on level 3 of the Dungeon.
You were not hungry.

You visited 1 branch of the dungeon, and saw 3 of its levels.

You collected 241 gold pieces.

Inventory:

Hand Weapons
 a - a +0 trident (weapon)
Armour
 b - a +0 robe (worn)
 c - a +0 shield (worn)
Jewellery
 j - a ring of see invisible (left hand)
Scrolls
 e - 2 scrolls of remove curse
 l - a scroll of teleportation
 o - a scroll of immolation {unknown}
 q - 2 scrolls of identify
Potions
 g - a potion of curing {unknown}
 h - 2 potions of lignification
 i - a potion of degeneration {unknown}
 k - a potion of brilliance {unknown}
 m - a potion of agility {unknown}
Comestibles
 f - 2 bread rations
 p - a royal jelly


   Skills:
 + Level 6.1 Fighting
 * Level 2.5 Polearms
 - Level 3.5 Dodging
 - Level 2.6 Shields


You had 4 spell levels left.
You didn't know any spells.

Dungeon Overview and Level Annotations

Branches:
Dungeon (3/15)

Altars:
Ashenzari
Sif Muna


Innate Abilities, Weirdness & Mutations

You are too large for most types of armour.
You have tough skin. (AC +1)


Message History

You hit the orc warrior but do no damage.
The orc warrior is moderately wounded.
You block the orc warrior's attack.
The orc wizard looks encouraged for a moment.
You closely miss the orc warrior.
The orc warrior is moderately wounded.
You block the orc warrior's attack.
The orc wizard mumbles some strange words.
The orc wizard seems to speed up.
The orc wizard looks satisfied for a moment.
You feel very mighty all of a sudden.
The orc warrior hits you with a scimitar of holy wrath!
You barely miss the orc warrior.
The orc warrior is moderately wounded.
The orc warrior hits you with a scimitar of holy wrath!
* * * LOW HITPOINT WARNING * * *
You puncture the orc warrior!
The orc warrior is heavily wounded.
The orc warrior hits you with a scimitar of holy wrath!
You die...

.. .. .....#
#..#.# ###.....
.....#.# #....#
#....##########
#.....@ooo.....
##...####...%.#
#...# ....#
#...# ...#
#...# ... #...#
.. #.#.# ###
...#.#. #...#
..###.#####
#..##
##....###...#


You could see an orc warrior and 2 orc wizards.

Vanquished Creatures
  3 adders
  2 worms (D:2)
  2 dart slugs (D:1)
  7 leopard geckos
  An orc (D:2)
  2 ball pythons (D:2)
  7 goblins
  8 hobgoblins
  7 jackals
  2 quokkas (D:2)
  9 bats
  9 frilled lizards
  7 kobolds
  10 rats
76 creatures vanquished.

Notes
Turn   | Place    | Note
-------+----------+-------------------------------------------
     0 | D:1      | Salad the Ogre Fighter began the quest for the Orb.
     0 | D:1      | Reached XP level 1. HP: 24/24 MP: 1/1
   176 | D:1      | Reached XP level 2. HP: 33/33 MP: 2/2
   484 | D:1      | Reached XP level 3. HP: 40/41 MP: 3/3
   487 | D:1      | Reached skill level 5 in Fighting
  1316 | D:2      | Reached XP level 4. HP: 46/50 MP: 4/4
  1916 | D:2      | Reached skill level 6 in Fighting
  2546 | D:3      | Found a faded altar of an unknown god.
  2607 | D:3      | Found a deep blue altar of Sif Muna.
  2760 | D:3      | Reached XP level 5. HP: 36/59 MP: 5/5
  2925 | D:3      | Found a shattered altar of Ashenzari.
  3096 | D:3      | Noticed an orc warrior
  3108 | D:3      | Slain by an orc warrior

Skill      XL: |  1  2  3  4 |
---------------+-------------+-----
Dodging        | 3 |  3.5
Fighting       | 5 6 |  6.1
Polearms       | |  2.5
Shields        | |  2.6

Action                   |  1- 3 |  4- 6 || total
-------------------------+-------+-------++-------
Melee: Trident           |   137 |   187 ||   324
  Use: Scroll            |     1 |     6 ||     7
       Potion            |       |     1 ||     1
 Stab: Sleeping          |     4 |     1 ||     5
  Eat: Chunk             |     1 |     7 ||     8
Armor: Robe              |    27 |    41 ||    68
Dodge: Dodged            |    29 |    59 ||    88
Block: Shield            |    40 |    76 ||   116
